 Dungeon Crawl Stone Soup version 0.30-a0-860-g512cf1e979 (webtiles) character file.

Game seed: 1295113767709982390

59 Hubris850 the Chopper (level 3, -4/28 HPs)
             Began as a Demonspawn Gladiator on Mar 7, 2023.
             Slain by a goblin
             ... wielding a +2 dagger of venom
             ... led by Robin
              (7 damage)
             ... on level 3 of the Dungeon.
             The game lasted 00:04:38 (1505 turns).

Hubris850 the Chopper (Demonspawn Gladiator)        Turns: 1505, Time: 00:04:39

Health: -4/28      AC:  5    Str: 16    XL:     3   Next: 78%
Magic:  3/3        EV: 12    Int:  9    God:
Gold:   106        SH:  3    Dex: 16    Spells: 2/2 levels left

rFire   + . .      SeeInvis .    a - +0 war axe
rCold   . . .      Faith    .    r - +0 buckler
rNeg    . . .      Spirit   .    q - +2 robe "Narph" {rElec rF+ Dex+2 Stlth+}
rPois   .          Reflect  .    c - +0 helmet
rElec   +          Rampage  .    (no cloak)
rCorr   .                        (no gloves)
Will    .....                    (no boots)
Stlth   ++                       (no amulet)
HPRegen 0.24/turn                (no ring)
MPRegen 0.08/turn                (no ring)

@: lethally poisoned (-4 -> -7)
A: weakness stinger 2
a: no special abilities


You were on level 3 of the Dungeon.
You visited 1 branch of the dungeon, and saw 3 of its levels.

You collected 106 gold pieces.

Inventory:

Hand Weapons
 a - a +0 war axe (weapon)
Missiles
 d - 3 throwing nets
 e - a javelin
 g - 5 boomerangs (quivered)
 k - 6 poisoned darts
Armour
 b - a +0 leather armour
 c - a +0 helmet (worn)
 h - a +0 ring mail
 q - the +2 robe "Narph" (worn) {rElec rF+ Dex+2 Stlth+}
   (You found it on level 3 of the Dungeon)

   Dex:       It affects your dexterity (+2).
   rF:        It protects you from fire.
   rElec:     It insulates you from electricity.
   Stlth:     It makes you more stealthy.
 r - a +0 buckler (worn)
Scrolls
 f - a scroll of vulnerability {unknown}
 l - a scroll of enchant weapon {unknown}
 m - 2 scrolls of noise {unknown}
 n - 2 scrolls of identify {unknown}
 o - a scroll of enchant armour {unknown}
Potions
 i - 2 potions of curing
 j - a potion of experience {unknown}
 p - a potion of magic {unknown}


   Skills:
 + Level 2.5 Fighting
 + Level 3.1 Axes
 + Level 2.2 Throwing
 + Level 1.2 Armour
 + Level 3.1 Dodging
 + Level 0.0 Shields


You had 2 spell levels left.
You didn't know any spells.
Your spell library contained the following spells:

 Spells                   Type           Power      Damage    Failure   Level
 Foxfire                  Conj/Fire      0%         2x1d4     50%         1
 Lesser Beckoning         Tloc           0%         N/A       63%         2
 Gell's Gravitas          Tloc           0%         N/A       86%         3
 Teleport Other           Tloc           0%         N/A       86%         3
 Fireball                 Conj/Fire      0%         3d3       100%        5
 Starburst                Conj/Fire      0%         6d3       100%        6


Dungeon Overview and Level Annotations

Branches:
Dungeon (3/15)

Altars:
Fedhas

Annotations:
D:3 Ijyb, Robin


Innate Abilities, Weirdness & Mutations

You have a tail ending in a sharp stinger.


Message History

a +0 club; 7 gold pieces The hobgoblin hits you.
Ijyb zaps a wand.
The bolt of dispelling energy misses you.
The goblin barely misses you.
A goblin comes into view. It is wielding a +2 dagger of venom.
The hobgoblin attacks as you move away!
The hobgoblin hits you but does no damage.
It was a potion of curing.
You feel better.
The ball python bites you but does no damage.
You block the ball python's attack. The goblin misses you.
You block the hobgoblin's attack. The ball python closely misses you.
You block the ball python's attack.
You hit the goblin.
Your tail-slap misses the goblin.
The goblin is severely wounded.
You barely miss the ball python. The goblin hits you with a +0 club.
The ball python misses you. The ball python barely misses you.
Robin says, "My army is invincible!"
Robin throws the goblin at you! The goblin hits you with a +0 club.
The goblin hits you with a +2 dagger of venom.
The goblin attacks as you move away! The goblin completely misses you.
The ball python attacks as you move away!
The ball python bites you.
The ball python bites you but does no damage.
The ball python grabs you. The ball python constricts you.
You escape the ball python's grasp.
The goblin attacks as you move away!
The goblin hits you with a +2 dagger of venom.
* * * LOW HITPOINT WARNING * * *
You are lethally poisoned!
* * * LOW HITPOINT WARNING * * *
You feel sick.
* * * LOW HITPOINT WARNING * * *
You feel sick.
The goblin no longer looks unusually strong.
The ball python attacks as you move away!
You block the ball python's attack. The ball python completely misses you.
* * * LOW HITPOINT WARNING * * *
You feel sick. The goblin attacks as you move away!
The goblin hits you with a +2 dagger of venom!
You die...

........)g.........
......g..g###.....#
.......##.g......###
.......#g.g...............
.......#g####....##......#.
.........g###....#.........
#..........#...............
...#.......S...............
##.....gg@.............#
###....................#
.........#..............#
####.......)............#
#..#.................#
.......................#
...#...##..)†..........#
....#.......)<†.........#
..........#....#.......##


You could see 2 hobgoblins, 3 goblins and a ball python.

Vanquished Creatures
  2 adders (D:2)
  6 endoplasms
  4 hobgoblins
  3 jackals (D:1)
  3 quokkas
  2 ball pythons
  2 bats
  4 frilled lizards
  6 goblins
  5 kobolds
  4 rats
41 creatures vanquished.

Vanquished Creatures (others)
  12 plants (D:1)
12 creatures vanquished.

Grand Total: 53 creatures vanquished

Notes
Turn   | Place    | Note
-------+----------+-------------------------------------------
     0 | D:1      | Hubris850 the Demonspawn Gladiator began the quest for the
                  | Orb.
     0 | D:1      | Reached XP level 1. HP: 16/16 MP: 1/1
   188 | D:1      | Found a faded altar of an unknown god.
   219 | D:1      | Gained mutation: You have a small tail. [demonic ancestry]
   219 | D:1      | Reached XP level 2. HP: 21/22 MP: 2/2
   713 | D:2      | Found a blossoming altar of Fedhas.
   744 | D:2      | Gained mutation: You have a tail ending in a sharp stinger.
                  | [demonic ancestry]
   744 | D:2      | Reached XP level 3. HP: 28/28 MP: 3/3
  1025 | D:2      | Reached skill level 1 in Armour
  1444 | D:3      | Identified the +2 robe "Narph" {rElec rF+ Dex+2 Stlth+}
  1489 | D:3      | Noticed Ijyb
  1489 | D:3      | Noticed Robin
  1505 | D:3      | Slain by a goblin

Illustrated notes

Levels and vault maps discovered:
D:1:      roderic_crop_circles_arrival_small, layout_rooms,
          hellmonk_ecumenical_altar_prayer_group,
          nicolae_concentric_dashed_squares_wild, minmay_distorted
D:2:      layout_loops_ring, basic_altar, kennysheep_cross_bottleneck,
          item_on_display_a
D:3:      layout_rooms, grunt_decor_cap, grunt_ministairs_6,
          hangedman_abyss_or_decor_lesser_grid, uniq_robin, uniq_ijyb

Skill      XL: |  1  2  3 |
---------------+----------+-----
Throwing       | 2 |  2.2
Dodging        | 3 |  3.1
Axes           | 3 |  3.1
Armour         | 1 |  1.2
Fighting       | |  2.5

Action                     || total
---------------------------++-------
  Melee: War axe           ||    86
         Punch             ||     2
         Tailslap          ||     3
    Use: Potion            ||     1
 Armour: Leather armour    ||     7
         Ring mail         ||    21
         Robe              ||    11
  Dodge: Dodged            ||    71
  Block: Buckler           ||     6

Table legend: (Time is in decaauts)
 A = Elapsed time spent in this place.
 B = Non-inter-level travel time spent in this place.
 C = Inter-level travel time spent in this place.
 D = Time resting spent in this place.
 E = Time spent auto-exploring this place.
 F = Levels seen in this place.
 G = Mean time per level.
                   A        B        C        D        E       F      G
               +--------+--------+--------+--------+--------+-----+--------+
         Total |   1535 |   1470 |     65 |      0 |   1150 |   3 |  511.7 |
       Dungeon |   1535 |   1470 |     65 |      0 |   1150 |   3 |  511.7 |
               +--------+--------+--------+--------+--------+-----+--------+

Top non-repeatable levels by time:
     D:2: 811 daAuts
     D:1: 643 daAuts
     D:3: 81 daAuts
